 Dungeon Crawl Stone Soup version 0.17.1-3-g152610e (webtiles) character file.

1446 MrTails the Shield-Bearer (level 8, -3/51 HPs)
             Began as a Gargoyle Fighter on Feb 18, 2016.
             Was a Believer of Okawaru.
             Killed by divine providence
             ... invoked by an orc priest
              (8 damage)
             ... on level 6 of the Dungeon.
             The game lasted 00:09:32 (4471 turns).

MrTails the Shield-Bearer (Gargoyle Fighter)        Turns: 4471, Time: 00:09:32

Health: -3/51      AC: 15    Str: 22    XL:     8   Next: 75%
Magic:  6/8        EV: 11    Int:  9    God:    Okawaru [**....]
Gold:   229        SH: 12    Dex:  9    Spells: 0 memorised, 7 levels left

rFire  . . .     SeeInvis .     a - +0 war axe
rCold  . . .     Clarity  .     b - +0 scale mail
rNeg   + . .     SustAt   .     c - +0 shield
rPois  ∞         Gourm    .     y - +0 hat
rElec  +         Spirit   .     (no cloak)
rCorr  .         Warding  .     r - +0 pair of gloves
rMut   .         Stasis   .     (no boots)
MR     .....                    (no amulet)
Stlth  +.........               (no ring)
                                (no ring)

@: heroism, not resistant to hostile enchantments, very unstealthy
A: negative energy resistance 1, electricity resistance, unbreathing,
petrification resistance, rot immunity, AC +5
a: Heroism, Renounce Religion


You were on level 6 of the Dungeon.
You worshipped Okawaru.
Okawaru was pleased with you.
You were not hungry.

You visited 1 branch of the dungeon, and saw 6 of its levels.

You collected 229 gold pieces.

Inventory:

Hand Weapons
 a - a +0 war axe (weapon)
Armour
 b - a +0 scale mail (worn)
 c - a +0 shield (worn)
 r - a +0 pair of gloves (worn)
 y - a +0 hat (worn)
Jewellery
 t - a cursed ring of loudness {unknown}
Scrolls
 j - a scroll of blinking {unknown}
 k - 2 scrolls of fog {unknown}
 l - 2 scrolls of random uselessness {unknown}
 m - 4 scrolls of remove curse {unknown}
 n - 3 scrolls of identify {unknown}
 o - 2 scrolls of recharging {unknown}
 s - 2 scrolls of immolation {unknown}
 v - a scroll of noise {unknown}
 w - 2 scrolls of teleportation {unknown}
 C - 2 scrolls of enchant weapon {unknown}
Potions
 d - 2 potions of might
 f - a potion of haste {unknown}
 g - 2 potions of mutation {unknown}
 h - a potion of invisibility {unknown}
 p - a potion of lignification {unknown}
 q - 2 potions of curing {unknown}
 u - 2 potions of berserk rage {unknown}
 x - a potion of brilliance {unknown}
 A - a potion of cure mutation {unknown}
 B - 3 potions of beneficial mutation {unknown}
Comestibles
 e - 6 bread rations


   Skills:
 + Level 6.2(11.2) Fighting
 * Level 6.0(11.0) Axes
 + Level 6.1(11.1) Armour
 + Level 6.3(11.3) Shields


You had 7 spell levels left.
You didn't know any spells.

Dungeon Overview and Level Annotations

Branches:
Dungeon (6/15)
 Temple: D:4-7

Altars:
Ashenzari
Cheibriados
Makhleb
Okawaru
Qazlal
Vehumet
Xom


Innate Abilities, Weirdness & Mutations

You are resistant to torment.
Your stone body is resilient (AC +5).
You are immune to poison.
You resist negative energy.
You are resistant to electric shocks.
You can survive without breathing.
You are immune to petrification.
You are immune to rotting.


Message History

* * * LOW HITPOINT WARNING * * *
The orc priest calls upon Beogh to heal the orc wizard.
The orc wizard is healed somewhat.
You block the orc wizard's attack. The orc hits you but does no damage.
You gain the combat prowess of a mighty hero.
You feel slightly more hungry. You block the orc wizard's attack.
The orc priest hits you but does no damage.
You block the orc's attack. The orc wizard hits you with a dagger.
* * * LOW HITPOINT WARNING * * *
You block the orc wizard's attack.
The orc wizard gestures at you while chanting.
The puff of frost hits you!
* * * LOW HITPOINT WARNING * * *
The orc wizard mumbles some strange words.
The orc wizard flickers and vanishes!
Deactivating autopickup; reactivate with Ctrl-A.
The orc priest mumbles some strange prayers to Beogh against you.
Something smites you!
You die...

..# # #.# #. ### #.#
###.####.# ####.#
.........####....##
#.............###.# ##
............#####.####.#
......).oo....#.....#.#
.......†oo.@....###..#
.....$........### #..#
...............####..#
.....................#
...............##....#
.....................#
................#####.#
.............## ##
.............#


You could see 2 orc priests and 2 orcs.

Vanquished Creatures
  Sigmund (D:4)
  Eustachio (D:5)
  Edmund (D:5)
  Duvessa (D:5)
  An ice beast (D:5)
  A centaur (D:5)
  The ghost of emiel the Slasher, an amateur OpGl (D:4)
  Blork the orc (D:4)
  A giant frog (D:5)
  Dowan (D:5)
  A crimson imp (D:5)
  An orc priest (D:6)
  A giant frog skeleton (D:4)
  Jessica (D:2)
  2 worker ants
  3 orc wizards
  12 adders
  3 gnolls (D:2)
  A shadow imp (D:4)
  2 adder zombies (D:5)
  2 worms
  5 giant geckos
  11 orcs
  9 ball pythons
  4 giant cockroaches
  4 goblins
  6 hobgoblins
  2 jackals (D:4)
  4 kobolds
  A quokka (D:2)
  6 bats
  2 giant gecko skeletons (D:4)
  11 giant newts
  A jackal skeleton (D:4)
  2 quokka skeletons
  11 rats
118 creatures vanquished.

Notes
Turn   | Place    | Note
--------------------------------------------------------------
     0 | D:1      | MrTails the Gargoyle Fighter began the quest for the Orb.
     0 | D:1      | Reached XP level 1. HP: 14/14 MP: 1/1
   247 | D:1      | Reached XP level 2. HP: 17/19 MP: 2/2
   907 | D:2      | Found a shattered altar of Ashenzari.
   933 | D:2      | Reached XP level 3. HP: 21/23 MP: 3/3
  1038 | D:2      | Reached skill level 4 in Shields
  1038 | D:2      | Reached XP level 4. HP: 29/29 MP: 4/4
  1144 | D:2      | Noticed Jessica
  1161 | D:2      | Killed Jessica
  1305 | D:2      | Reached XP level 5. HP: 33/33 MP: 5/5
  1547 | D:3      | Found an iron altar of Okawaru.
  1598 | D:3      | Became a worshipper of Warmaster Okawaru
  2111 | D:3      | Found a stormy altar of Qazlal.
  2222 | D:3      | Reached XP level 6. HP: 39/39 MP: 6/6
  2229 | D:3      | Found a snail-covered altar of Cheibriados.
  2415 | D:4      | Noticed Sigmund
  2450 | D:4      | Killed Sigmund
  2450 | D:4      | Reached skill level 5 in Shields
  2602 | D:4      | Noticed Blork the orc
  2621 | D:4      | Killed Blork the orc
  2621 | D:4      | Reached * piety under Okawaru
  2621 | D:4      | Reached XP level 7. HP: 18/44 MP: 7/7
  2654 | D:4      | Noticed emiel's ghost (amateur OpGl)
  2697 | D:4      | Killed emiel's ghost
  2697 | D:4      | Reached skill level 5 in Fighting
  3151 | D:4      | Reached skill level 5 in Armour
  3206 | D:5      | Entered Level 5 of the Dungeon
  3295 | D:5      | Found a burning altar of Makhleb.
  3296 | D:5      | Found a radiant altar of Vehumet.
  3356 | D:5      | Noticed Duvessa
  3356 | D:5      | Noticed Dowan
  3365 | D:5      | Killed Dowan
  3381 | D:5      | Killed Duvessa
  3553 | D:5      | Reached skill level 5 in Axes
  3553 | D:5      | Reached XP level 8. HP: 23/51 MP: 8/8
  3932 | D:5      | Noticed Eustachio
  3952 | D:5      | Killed Eustachio
  3952 | D:5      | Reached skill level 6 in Fighting
  4034 | D:5      | Noticed Edmund
  4052 | D:5      | Killed Edmund
  4409 | D:6      | Reached ** piety under Okawaru
  4414 | D:6      | Found a shimmering altar of Xom.
  4471 | D:6      | Killed from afar by an orc priest

Action                   |  1- 3 |  4- 6 |  7- 9 || total
-------------------------+-------+-------+-------++-------
Melee: War axe           |   103 |   196 |   170 ||   469
Invok: Heroism           |       |       |     3 ||     3
  Use: Potion            |       |     1 |       ||     1
  Eat: Bread ration      |       |     1 |     1 ||     2
       Fruit             |       |     2 |     2 ||     4
       Chunk             |       |       |     2 ||     2
